 Dungeon Sprint DCSS version 0.18.1-50-g88ac8fd (webtiles) character file.

503 Kagutsuchi the Fighter (level 6, -4/66 HPs)
             Began as a Draconian Berserker on Oct 21, 2016.
             Was a Believer of Trog.
             Slain by a sixfirhy (6 damage)
             ... summoned by a kobold demonologist
             ... in the Dungeon (Sprint II: "The Violet Keep of Menkaure").
             The game lasted 00:03:24 (272 turns).

Kagutsuchi the Fighter (Draconian Berserker)         Turns: 272, Time: 00:03:25

Health: -4/66      AC: 11    Str: 19    XL:     6   Next: 96%
Magic:  6/6        EV: 16    Int:  7    God:    Trog [**....]
Gold:   105        SH:  0    Dex: 13    Spells: 0 memorised, 5 levels left

rFire  . . .     SeeInvis .     i - +2 mace (protect)
rCold  . . .     Gourm    .     (armour unavailable)
rNeg   . . .     Faith    .     (no shield)
rPois  .         Spirit   .     (helmet restricted)
rElec  .         Dismiss  .     (no cloak)
rCorr  .         Reflect  .     (no gloves)
SustAt .         Harm     .     (no boots)
MR     .....     NoTele   +     (no amulet)
Stlth  +.........               (no ring)
                                (no ring)

@: exhausted, slowed, very slow, not resistant to hostile enchantments, very
unstealthy
A: unfitting armour, stinger 1, slow regeneration 1, evolution 1, cold-blooded,
AC +6
a: Berserk, Trog's Hand, Burn Spellbooks, Renounce Religion


You were in the Dungeon.
You worshipped Trog.
Trog was pleased with you.
You were very hungry.

You visited 1 branch You collected 243 gold pieces.
You spent 138 gold pieces at shops.

Inventory:

Hand Weapons
 a - a +0 falchion
 i - a +2 mace of protection (weapon)
Scrolls
 h - a scroll of blinking
Potions
 e - a potion of haste
 f - 2 potions of magic
 g - a potion of berserk rage
Comestibles
 b - a bread ration


   Skills:
 + Level 10.2 Fighting
 + Level 9.0 Long Blades
 + Level 8.4 Dodging


You had 5 spell levels left.
You didn't know any spells.

Dungeon Overview and Level Annotations

Branches:
Dungeon (1/1)

Altars:

Shops:
D :[:![([=%=[!}[?=

Annotations:
D exclusion: oklob plant, Kirke


Innate Abilities, Weirdness & Mutations

Your plain brown scales are hard (AC +6).
Your body does not fit into most forms of armour.
You are cold-blooded and may be slowed by cold attacks.
Your tail ends in a poisonous barb.
You regenerate slowly when monsters are visible.
You evolve.


Message History

Unknown command.
You are too berserk!
You hit the skeletal warrior but do no damage.
The skeletal warrior is moderately damaged.
The yaktaur captain hits you!
Kirke throws some weird powder.
The white imp barely misses you.
You sock Kirke! You tail-slap Kirke!
Kirke is poisoned.
Kirke is moderately wounded.
The yaktaur captain closely misses you. The white imp closely misses you.
Your unstable footing causes you to fumble your attack.
You are no longer berserk.
You are exhausted.
You feel yourself slow down.
You are feeling very hungry.
The sixfirhy splashes around in the water.
The yaktaur captain hits you!!
* * * LOW HITPOINT WARNING * * *
The sixfirhy hits you.
You die...

####+#### ##≈≈§§≈≈§##
##≈≈§≈§≈≈§§## ##
+§≈§§§8§§§≈≈#
..c####≈≈≈§§§§§≈ ..cY##
≈§§≈§
############zK#+++#+++##
###########c@4.........#
##.....∩.∩#≈@5≈.##+##..#
##....∩.∩.#≈≈≈≈##
##.#### ##...∩.∩..#≈≈≈≈#
#....# ##..∩.∩...#≈≈###
###..#
##.⌠.∩....#≈##.###+#
#..#
##..∩.∩...#≈#.#.##.##
..#
##...∩.∩..'≈'###†.<.+ §#
##....∩.∩.#≈#.#.##.## .
#▓▓▓▓▓▓▓###≈##.###+# ..


You could see Kirke, a yaktaur captain, an elephant, a skeletal warrior, a
centaur warrior, a kobold demonologist, a sixfirhy and a white imp.

Vanquished Creatures
  2 hippogriffs (D)
  Menkaure (D)
  A vampire mosquito (D)
4 creatures vanquished.

Vanquished Creatures (others)
  A crocodile (D)
1 creature vanquished.

Grand Total: 5 creatures vanquished

Notes
Turn   | Place    | Note
--------------------------------------------------------------
     0 | D        | Kagutsuchi the Draconian Berserker began the quest for the Orb.
     0 | D        | Reached XP level 1. HP: 19/19 MP: 1/1
     1 | D        | Noticed a hippogriff
     1 | D        | Noticed a hippogriff
     6 | D        | Killed a hippogriff
     6 | D        | Reached skill level 7 in Fighting
     6 | D        | Reached skill level 5 in Dodging
     6 | D        | Reached XP level 2. HP: 29/34 MP: 2/2
     6 | D        | Reached XP level 3. HP: 33/39 MP: 3/3
     6 | D        | Reached XP level 4. HP: 41/47 MP: 4/4
    11 | D        | Killed a hippogriff
    11 | D        | Reached ** piety under Trog
    11 | D        | Reached skill level 8 in Fighting
    11 | D        | Reached XP level 5. HP: 28/56 MP: 5/5
    31 | D        | Found Josi's Magic Scroll Emporium.
    32 | D        | Found Dirr's Jewellery Shoppe.
    32 | D        | Found Paykhurgh's Food Emporium.
    32 | D        | Found Caddov's Antique Armour Shoppe.
    32 | D        | Found Agogalab's Jewellery Shoppe.
    32 | D        | Found Asecs's Distillery.
    32 | D        | Found Nohaanut's Distillery.
    32 | D        | Found Ikhleffol's Armour Shoppe.
    32 | D        | Found Ymne's Antique Armour Emporium.
    32 | D        | Found Furir's Jewellery Shoppe.
    32 | D        | Found Teenk's Antique Armour Emporium.
    61 | D        | Found Meotarosi's Book Shoppe.
    61 | D        | Found Utoir's Antique Armour Emporium.
    61 | D        | Noticed a wyvern
    62 | D        | Found Kaetz's Gadget Shoppe.
    62 | D        | Found Jephiam's Antique Weapon Emporium.
    62 | D        | Noticed Menkaure
    72 | D        | Killed a crocodile
    76 | D        | Killed Menkaure
    76 | D        | Reached skill level 9 in Fighting
    76 | D        | Reached XP level 6. HP: 14/66 MP: 6/6
    87 | D        | Noticed a wyvern
    87 | D        | Noticed an oklob plant
    88 | D        | Found Fedom's Book Shoppe.
    89 | D        | Noticed a soldier ant
    89 | D        | Noticed a soldier ant
    90 | D        | Noticed a soldier ant
    95 | D        | Bought a runed mace for 78 gold pieces
   104 | D        | Bought a potion of curing for 33 gold pieces
   104 | D        | Bought a potion of mutation for 27 gold pieces
   104 | D        | Gained mutation: You evolve. [potion of mutation]
   104 | D        | Gained mutation: Your tail ends in a poisonous barb. [potion of mutation]
   104 | D        | Gained mutation: You regenerate slowly when monsters are visible. [potion of mutation]
   136 | D        | Noticed a vampire mosquito
   155 | D        | Killed a vampire mosquito
   155 | D        | Reached skill level 10 in Fighting
   195 | D        | Noticed an orange crystal statue
   256 | D        | Noticed Kirke
   257 | D        | Noticed a centaur warrior
   257 | D        | Noticed a skeletal warrior
   257 | D        | Noticed a kobold demonologist
   258 | D        | Noticed a yaktaur captain
   259 | D        | Noticed an elephant
   262 | D        | Noticed a sixfirhy
   272 | D        | HP: 2/66 [yaktaur captain (22)]
   272 | D        | Slain by a sixfirhy

Skill      XL: |  1  2  3  4  5  6 |
---------------+-------------------+-----
Fighting       | 7 8 9 10 | 10.2
Long Blades    | 6 7 8 9 |  9.0
Dodging        | 5 7 8 |  8.4

Action                   |  1- 3 |  4- 6 || total
-------------------------+-------+-------++-------
Melee: Falchion          |     4 |    17 ||    21
       Tailslap          |     1 |     7 ||     8
       Mace              |       |    27 ||    27
Invok: Berserk           |     1 |     2 ||     3
  Use: Potion            |       |     4 ||     4
Armor: Skin              |     2 |    18 ||    20
Dodge: Dodged            |     1 |    61 ||    62
